 Dungeon Crawl Stone Soup version 0.23.0-3-gf3c87f2df8 (webtiles) character file.

Game seed: 10673814160638473715

1043 Kisielow the Archer (level 8, 0/68 HPs)
             Began as a Centaur Hunter on Feb 21, 2019.
             Slain by a hornet zombie (9 damage)
             ... on level 5 of the Dungeon.
             The game lasted 00:10:39 (4839 turns).

Kisielow the Archer (Centaur Hunter)                Turns: 4839, Time: 00:10:41

Health: 0/68       AC:  5    Str: 19    XL:     8   Next: 4%
Magic:  8/8        EV: 11    Int: 15    God:
Gold:   274        SH:  0    Dex: 13    Spells: 7/7 levels left

rFire    . . .     SeeInvis .   r - +2 quarterstaff (chaos)
rCold    . . .     Gourm    .   (shield currently unavailable)
rNeg     . . .     Faith    .   c - +1 leather armour
rPois    .         Spirit   .   (no helmet)
rElec    .         Reflect  .   (no cloak)
rCorr    .         Harm     .   (no gloves)
MR       .....                  (no barding)
Stlth    +.........             (no amulet)
HPRegen  0.21/turn              (no ring)
MPRegen  0.11/turn              (no ring)

@: mighty, brilliant, berserk cooldown, hasted and slowed, very quick
A: large, hooves 3, deformed body, speed 2, tough skin 3
a: no special abilities


You were on level 5 of the Dungeon.
You were not hungry.

You visited 1 branch of the dungeon, and saw 5 of its levels.

You collected 274 gold pieces.

Inventory:

Hand Weapons
 a - a +2 shortbow
 r - a +2 quarterstaff of chaos (weapon)
Missiles
 d - 18 arrows
Armour
 c - a +1 leather armour (worn)
Jewellery
 l - an uncursed ring of magical power {unknown}
Scrolls
 i - a scroll of enchant weapon
 j - 2 scrolls of remove curse
 q - a scroll of identify
Potions
 b - a potion of degeneration {unknown}
 e - 3 potions of might
 h - 2 potions of resistance {unknown}
 k - a potion of berserk rage
 m - 2 potions of brilliance
 n - 4 potions of lignification
Comestibles
 f - 10 rations
 g - a chunk of flesh


   Skills:
 + Level 5.0 Fighting
 * Level 10.1 Bows
 + Level 3.7 Dodging
 - Level 0.4 Stealth


You had 7 spell levels left.
You didn't know any spells.
Your spell library contained the following spells:

 Spells                   Type           Power        Failure   Level  Hunger
 Animate Skeleton         Necr           N/A          4%          1    ##.....
 Apportation              Tloc           #.....       4%          1    ##.....
 Confusing Touch          Hex            #.....       4%          1    ##.....
 Summon Small Mammal      Summ           #...         4%          1    ##.....


Dungeon Overview and Level Annotations

Branches:
Dungeon (5/15)
 Temple: D:4-7

Altars:
Dithmenos

Shops:
D:5 (


Innate Abilities, Weirdness & Mutations

You have hooves in place of feet.
Armour fits poorly on your strangely shaped body.
You cover ground very quickly.
You have extremely tough skin. (AC +3)


Message History

The freed slave is poisoned.
The adder poisons the freed slave!
You hit the hornet zombie but do no damage.
The hornet zombie seems to speed up.
You kick the hornet zombie.
The hornet zombie is heavily damaged.
The freed slave dies!
The hornet zombie hits you!
* * * LOW HITPOINT WARNING * * *
The freed slave hits something.
The hornet zombie barely misses you.
Something barely misses the freed slave.
Something bites the freed slave!
The freed slave completely misses something.
The hornet zombie hits you but does no damage.
You feel very mighty all of a sudden. The hornet zombie hits you.
* * * LOW HITPOINT WARNING * * *
The adder barely misses you.
Something hits the freed slave but does no damage.
The freed slave hits something!
The hornet zombie hits you!
You die...

(......###................#
.......(.............(....#
..(................p.(######
################(.Z.........
#.#....###### #.#.........#
#.#....[....###.#
#Z#............. #@#...∩.....###
#############S#######.....+
###...#......##5KK.........###+##
......#......#.ZK)p(.............
...####......#..................#
.......##....#.............#.....
#............###.####......#.##.#
#.............##.##........#.# #
##...............##........#.#


You could see a big kobold, a crimson imp, an adder, a hornet zombie, a centaur
zombie, 2 kobolds and a neutral freed slave.

Vanquished Creatures
  Pikel (D:5)
  An ogre (D:2)
  A crimson imp (D:5)
  Crazy Yiuf (D:4)
  A hound (D:5)
  An orc priest (D:3)
  2 orc wizards
  2 bullfrog skeletons (D:5)
  3 worker ants
  A hound skeleton (D:5)
  2 worker ant zombies (D:5)
  3 adders
  3 oozes
  An adder skeleton (D:5)
  2 worms (D:2)
  A dart slug (D:1)
  3 leopard geckos
  19 orcs
  A ball python (D:2)
  9 bats
  3 giant cockroaches
  10 goblins
  10 hobgoblins
  A quokka (D:5)
  6 frilled lizards
  7 kobolds
  10 rats
105 creatures vanquished.

Vanquished Creatures (others)
  A slave (D:5)
  4 kobolds (D:5)
5 creatures vanquished.

Grand Total: 110 creatures vanquished

Notes
Turn   | Place    | Note
-------+----------+-------------------------------------------
     0 | D:1      | Kisielow the Centaur Hunter began the quest for the Orb.
     0 | D:1      | Reached XP level 1. HP: 17/17 MP: 1/1
    41 | D:1      | Reached XP level 2. HP: 5/24 MP: 2/2
   769 | D:1      | Reached skill level 6 in Bows
   928 | D:1      | Reached XP level 3. HP: 25/30 MP: 3/3
  1441 | D:2      | Noticed an ogre
  1475 | D:2      | Killed an ogre
  1475 | D:2      | Reached XP level 4. HP: 38/38 MP: 4/4
  1513 | D:2      | Found a shadowy altar of Dithmenos.
  1590 | D:2      | Reached skill level 7 in Bows
  1615 | D:2      | Reached XP level 5. HP: 24/45 MP: 5/5
  3674 | D:4      | Reached XP level 6. HP: 51/51 MP: 6/6
  4003 | D:4      | Found a runed translucent door.
  4004 | D:4      | Noticed Crazy Yiuf
  4011 | D:4      | Killed Crazy Yiuf
  4011 | D:4      | Reached skill level 8 in Bows
  4232 | D:5      | Entered Level 5 of the Dungeon
  4597 | D:5      | Found Geskuj's Weapon Boutique.
  4670 | D:5      | Reached XP level 7. HP: 54/59 MP: 7/7
  4818 | D:5      | Reached skill level 9 in Bows
  4820 | D:5      | Noticed Pikel
  4828 | D:5      | Killed Pikel
  4828 | D:5      | Reached skill level 5 in Fighting
  4828 | D:5      | Reached skill level 10 in Bows
  4828 | D:5      | Reached XP level 8. HP: 53/68 MP: 8/8
  4839 | D:5      | Slain by a hornet zombie

Skill      XL: |  1  2  3  4  5  6  7 |
---------------+----------------------+-----
Bows           | 6 7 8 10 | 10.1
Fighting       | 3 4 5 |  5.0
Dodging        | 2 3 |  3.7
Stealth        | |  0.4

Action                   |  1- 3 |  4- 6 |  7- 9 || total
-------------------------+-------+-------+-------++-------
Melee: Short sword       |    63 |   108 |       ||   171
       Kick              |    12 |    26 |     2 ||    40
       Quarterstaff      |       |     3 |    11 ||    14
 Fire: Shortbow          |    21 |   104 |    31 ||   156
  Use: Scroll            |       |     8 |     1 ||     9
       Potion            |       |     1 |     5 ||     6
  Eat: Chunk             |     1 |     7 |       ||     8
       Ration            |       |     1 |       ||     1
Armor: Leather armour    |    52 |    37 |    23 ||   112
       Skin              |       |     2 |       ||     2
Dodge: Dodged            |    47 |    77 |    38 ||   162
